 Dungeon Sprint DCSS version 0.22.1-2-g9c5b331 (webtiles) character file.

1337 diana the Markscentaur (level 8, -14/67 (68) HPs)
             Began as a Centaur Hunter on Dec 19, 2018.
             Was a Follower of Okawaru.
             Demolished by a two-headed ogre
             ... wielding a +0 giant club
              (21 damage)
             ... in the Dungeon (Sprint III: "The Ten Rune Challenge").
             The game lasted 00:06:53 (1339 turns).

diana the Markscentaur (Centaur Hunter)             Turns: 1339, Time: 00:06:54

HP:   -14/67 (68)   AC:  6    Str: 17    XL:     8   Next: 35%
MP:   8/8           EV: 10    Int: 10    God:    Okawaru [*.....]
Gold: 41            SH:  0    Dex: 14    Spells: 7/7 levels left

rFire    . . .     SeeInvis .   a - +1 shortbow
rCold    . . .     Gourm    .   (shield currently unavailable)
rNeg     . . .     Faith    .   l - +0 ring mail
rPois    +         Spirit   .   (no helmet)
rElec    .         Reflect  .   (no cloak)
rCorr    .         Harm     .   (no gloves)
MR       .....     NoTele   +   (no barding)
Stlth    +.........             (no amulet)
HPRegen  0.21/turn              (no ring)
MPRegen  0.11/turn              (no ring)

@: very quick
A: large, hooves 3, thin skeletal structure 1, agile 1, deformed body, speed 2,
poison resistance, tough skin 3
a: Heroism, Renounce Religion


You were in the Dungeon.
You worshipped Okawaru.
Okawaru was aware of your devotion.
You were hungry.

You visited 1 branch You collected 41 gold pieces.

Inventory:

Hand Weapons
 a - a +1 shortbow (weapon)
 b - a +0 short sword
 u - a +2 long sword of holy wrath
Missiles
 d - 12 arrows (quivered)
Armour
 c - a +0 leather armour
 l - a +0 ring mail (worn)
Wands
 e - a wand of disintegration (10)
 m - a wand of digging (13)
Scrolls
 k - a scroll of blinking
 o - a scroll of torment {unknown}
 p - 2 scrolls of identify {unknown}
 q - 3 scrolls of remove curse
 s - a scroll of immolation {unknown}
Potions
 h - a potion of haste
 i - 2 potions of magic
 n - a potion of mutation
 r - a potion of lignification {unknown}
 t - 2 potions of flight
Miscellaneous
 g - a fan of gales
Comestibles
 f - 4 rations


   Skills:
 + Level 5.1 Fighting
 + Level 4.2 Long Blades
 * Level 19.3 Bows
 + Level 3.4 Armour
 + Level 3.8 Dodging
 - Level 0.4 Stealth


You had 7 spell levels left.
You didn't know any spells.
Your spell library contained the following spells:

 Spells                   Type           Power        Failure   Level  Hunger
 Magic Dart               Conj           #...         56%         1    ##.....
 Blink                    Tloc           N/A          71%         2    ###....
 Call Imp                 Summ           #.......     71%         2    ###....
 Slow                     Hex            #.......     71%         2    ###....
 Conjure Flame            Conj/Fire      #.......     90%         3    ####...
 Mephitic Cloud           Conj/Pois/Air  #.......     90%         3    ####...


Dungeon Overview and Level Annotations

Branches:
Dungeon (1/1)

Altars:
Cheibriados
Dithmenos
Elyvilon
Fedhas
Gozag
Hepliaklqana
Kikubaaqudgha
Makhleb
Nemelex Xobeh
Okawaru
Qazlal
Ru
Sif Muna
Trog
Uskayaw
Vehumet
Wu Jian
Xom
Yredelemnul
Zin
The Shining One
Beogh
Jiyva
Lugonu


Innate Abilities, Weirdness & Mutations

You have hooves in place of feet.
Armour fits poorly on your strangely shaped body.
You cover ground very quickly.
You have extremely tough skin. (AC +3)
You have a somewhat thin skeletal structure. (Dex +2, Stealth)
You are agile. (Dex +2)
Your system is resistant to poisons. (rPois)


Message History

You see here an arrow.
d - 6 arrows (gained 1)
The two-headed ogre closely misses you. The two-headed ogre barely misses you.
You see here 2 arrows.
d - 8 arrows (gained 2)
You see here an arrow.
d - 9 arrows (gained 1)
The two-headed ogre hits you with a giant club! x2
The two-headed ogre hits you with a giant club!!
* * * LOW HITPOINT WARNING * * *
The two-headed ogre closely misses you.
There is an open door here.
There is an open door here.
d - 11 arrows (gained 2)
There are no items here.
You see here an arrow.
d - 12 arrows (gained 1)
The two-headed ogre barely misses you.
The two-headed ogre hits you with a giant club!!
You die...

.#___#___#__#
.#...#__.#._#
.###'#'###)##
.#..........#
.'.⌠........#
)#...######O#
.#.⌠.#__#...#+#### #
.#...#__#..O#...O#.#
.#)###__#...##O#@.#
.#...#__#...'##.#.#
.#___#__'...#...#..#
▓▓▓▓▓▓▓▓▓▓▓▓▓▓▓▓▓▓▓▓
,, * *


You could see a two-headed ogre.

Vanquished Creatures
  A deep elf mage (D)
  A shadow (D)
  A spatial vortex (D)
  A necrophage (D)
  A two-headed ogre (D)
  A water elemental (D)
  A jelly (D)
  Jessica (D)
  A wizard (D)
  A necromancer (D)
  3 humans (D)
  A kobold demonologist (D)
  An ooze (D)
  A phantom (D)
  2 rats (D)
18 creatures vanquished.

Vanquished Creatures (others)
  2 draconian scorchers (D)
  2 yaktaurs (D)
  6 hellions (D)
10 creatures vanquished.

Grand Total: 28 creatures vanquished

Notes
Turn   | Place    | Note
-------+----------+-------------------------------------------
     0 | D        | diana the Centaur Hunter began the quest for the Orb.
     0 | D        | Reached XP level 1. HP: 17/17 MP: 1/1
     9 | D        | Reached skill level 7 in Bows
    62 | D        | Noticed Jessica
    71 | D        | Killed Jessica
    71 | D        | Reached skill level 9 in Bows
    71 | D        | Reached XP level 2. HP: 24/24 MP: 2/2
    71 | D        | Reached XP level 3. HP: 29/29 MP: 3/3
    78 | D        | Killed a yaktaur
   100 | D        | Killed a hellion
   117 | D        | Reached skill level 10 in Bows
   143 | D        | Killed a hellion
   144 | D        | Killed a hellion
   153 | D        | Killed a hellion
   180 | D        | Killed a white draconian scorcher
   212 | D        | Killed a hellion
   213 | D        | Killed a hellion
   218 | D        | Killed a white draconian scorcher
   309 | D        | Gained mutation: Your muscles are strong. (Str +2) [potion
                  | of mutation]
   309 | D        | Gained mutation: You are frail. (-10% HP) [potion of
                  | mutation]
   309 | D        | Gained mutation: You are very frail. (-20% HP) [potion of
                  | mutation]
   309 | D        | Lost mutation: You are very frail. (-20% HP) [potion of
                  | mutation]
   310 | D        | Lost mutation: Your muscles are strong. (Str +2) [potion of
                  | mutation]
   310 | D        | Lost mutation: You are frail. (-10% HP) [potion of
                  | mutation]
   310 | D        | Gained mutation: You occasionally shout uncontrollably at
                  | your foes. [potion of mutation]
   310 | D        | Gained mutation: You are resistant to hostile enchantments.
                  | (MR+) [potion of mutation]
   311 | D        | Lost mutation: You are resistant to hostile enchantments.
                  | (MR+) [potion of mutation]
   311 | D        | Gained mutation: You are dopey. (Int -2) [potion of
                  | mutation]
   311 | D        | Gained mutation: You passively map a small area around you.
                  | [potion of mutation]
   312 | D        | Lost mutation: You are dopey. (Int -2) [potion of mutation]
   312 | D        | Lost mutation: You occasionally shout uncontrollably at
                  | your foes. [potion of mutation]
   312 | D        | Lost mutation: You passively map a small area around you.
                  | [potion of mutation]
   312 | D        | Gained mutation: You are agile. (Dex +2) [potion of
                  | mutation]
   312 | D        | Gained mutation: Your system is resistant to poisons.
                  | (rPois) [potion of mutation]
   312 | D        | Gained mutation: You have a somewhat thin skeletal
                  | structure. (Dex +2, Stealth) [potion of mutation]
   402 | D        | Noticed a water elemental
   417 | D        | Killed a water elemental
   417 | D        | Reached skill level 12 in Bows
   417 | D        | Reached XP level 4. HP: 36/36 MP: 4/4
   477 | D        | Found a radiant altar of Vehumet.
   477 | D        | Found a deep blue altar of Sif Muna.
   477 | D        | Found an ancient bone altar of Kikubaaqudgha.
   477 | D        | Noticed a wizard
   479 | D        | Killed a wizard
   479 | D        | Reached skill level 13 in Bows
   480 | D        | Reached XP level 5. HP: 41/41 MP: 5/5
   496 | D        | Found a glowing silver altar of Zin.
   496 | D        | Found a glowing golden altar of the Shining One.
   496 | D        | Found a white marble altar of Elyvilon.
   498 | D        | Noticed a deep elf mage
   510 | D        | Killed a deep elf mage
   510 | D        | Reached skill level 18 in Bows
   510 | D        | Reached XP level 6. HP: 32/48 MP: 6/6
   510 | D        | Reached XP level 7. HP: 37/55 MP: 7/7
   614 | D        | Found a hide-covered altar of Uskayaw.
   614 | D        | Found a roughly hewn altar of Beogh.
   614 | D        | Found an iron altar of Okawaru.
   614 | D        | Found a bloodstained altar of Trog.
   614 | D        | Found an ornate altar of the Wu Jian Council.
   614 | D        | Noticed a human
   614 | D        | Noticed a human
   621 | D        | Killed a human
   621 | D        | Reached skill level 1 in Armour
   667 | D        | HP: 2/57 [human/spear (9)]
   669 | D        | Killed a human
   877 | D        | Killed a yaktaur
   977 | D        | Became a worshipper of Warmaster Okawaru
   983 | D        | Found a basalt altar of Yredelemnul.
   983 | D        | Found a shadowy altar of Dithmenos.
   983 | D        | Found a sacrificial altar of Ru.
  1012 | D        | Noticed a shadow
  1023 | D        | Killed a shadow
  1023 | D        | Reached * piety under Okawaru
  1023 | D        | Reached skill level 19 in Bows
  1023 | D        | Reached XP level 8. HP: 26/66 MP: 8/8
  1215 | D        | Found a blossoming altar of Fedhas.
  1215 | D        | Found a stormy altar of Qazlal.
  1216 | D        | Found a snail-covered altar of Cheibriados.
  1216 | D        | Found a burning altar of Makhleb.
  1216 | D        | Found a hazy altar of Hepliaklqana.
  1216 | D        | Found a shimmering altar of Xom.
  1216 | D        | Found an opulent altar of Gozag.
  1216 | D        | Found a sparkling altar of Nemelex Xobeh.
  1216 | D        | Found a corrupted altar of Lugonu.
  1216 | D        | Found a viscous altar of Jiyva.
  1225 | D        | Reached skill level 5 in Fighting
  1339 | D        | Demolished by a two-headed ogre

Skill      XL: |  1  2  3  4  5  6  7  8 |
---------------+-------------------------+-----
Bows           | 9 12 13 18 19 | 19.3
Fighting       | 4 5 |  5.1
Long Blades    | 3 4 |  4.2
Armour         | 3 |  3.4
Dodging        | 3 |  3.8
Stealth        | |  0.4

Action                   |  1- 3 |  4- 6 |  7- 9 || total
-------------------------+-------+-------+-------++-------
Melee: Long sword        |       |       |    25 ||    25
       Kick              |       |       |     5 ||     5
 Fire: Shortbow          |    42 |    15 |    40 ||    97
  Use: Potion            |     4 |       |     4 ||     8
Armor: Ring mail         |     2 |       |     6 ||     8
Dodge: Dodged            |     5 |     1 |    15 ||    21
       Rpst.: Long sword |       |       |     2 ||     2
